 Dungeon Crawl Stone Soup version 0.30.0-10-gfe55d96785 (webtiles) character file.

Game seed: 3213318353472661591

7529 qw the Cleaver (level 11, -5/78 HPs)
             Began as a Gargoyle Cinder Acolyte on May 17, 2023.
             Was a Follower of Ignis.
             Slain by a catoblepas (16 damage)
             ... on level 9 of the Dungeon.
             The game lasted 00:04:19 (8299 turns).

qw the Cleaver (Gargoyle Cinder Acolyte)            Turns: 8299, Time: 00:04:19

Health: -5/78      AC: 30    Str: 23    XL:     11   Next: 16%
Magic:  12/12      EV:  9    Int: 14    God:    Ignis [*.....]
Gold:   465        SH:  0    Dex:  5    Spells: 12/12 levels left

rFire   + . .        Y - +1 broad axe (venom)
rCold   . . .        (no shield)
rNeg    + . .        d - +0 chain mail
rPois   inf          n - +1 helmet
rElec   +            h - +0 cloak
rCorr   .            (no gloves)
SInv    .            m - +0 pair of boots
Will    .....        (no amulet) Stlth
                     o - +4 ring of slaying {mikee}
HPRegen 0.33/turn    (no ring)
MPRegen 0.13/turn

%: no passive effects
@: fiery-armoured
A: sickness immunity, AC +8, negative energy resistance 1, electricity
resistance, torment resistance 1, petrification resistance, robust 1, sturdy
frame 1
a: Renounce Religion, Fiery Armour, Foxfire Swarm, Rising Flame


You were on level 9 of the Dungeon.
You worshipped Ignis.
Ignis was aware of your devotion.
You visited 1 branch of the dungeon, and saw 9 of its levels.

You collected 465 gold pieces.


Innate Abilities, Weirdness & Mutations

You are immune to sickness and miasma.
Your stone body is resilient. (AC +8)
You are immune to poison.
You resist negative energy. (rN+)
You are resistant to electric shocks. (rElec)
You are resistant to unholy torment.
You are immune to petrification.
You are robust. (+10% HP)
Your movements are slightly less encumbered by armour. (ER -2)


   Skills:
 + Level 9.3 Fighting
 - Level 12.2 Axes
 - Level 7.9 Armour
 - Level 1.0 Dodging
 - Level 1.0 Spellcasting
 - Level 3.0 Fire Magic


You had 12 spell levels left.
You didn't know any spells.
Your spell library contained the following spells:

 Spells                   Type           Power      Damage    Failure   Level
 Scorch                   Fire           18%        2d5       36%         2

Inventory:

Hand Weapons
 c - a +0 hand axe of flaming
 Y - a +1 broad axe of venom (weapon)
Armour
 d - a +0 chain mail (worn)
 h - a +0 cloak (worn)
 m - a +0 pair of boots (worn)
 n - a +1 helmet (worn)
Jewellery
 o - a +4 ring of slaying (left hand) {mikee}
Wands
 k - a wand of digging (2)
Scrolls
 a - 3 scrolls of identify
Potions
 f - a potion of haste
 g - a potion of curing
 i - 5 potions of mutation
 j - a potion of cancellation

Dungeon Overview and Level Annotations

Branches:
Dungeon (9/15)             Temple (0/1) D:6
   Lair: D:8-11         Orc: D:9-12

Altars:
Gozag
Okawaru
The Shining One

Shops:
D:8 (

Annotations:
D:3 3 runed translucent doors, qw's ghost, amateur GrCA


Message History

The catoblepas looks as sick as possible!
The catoblepas is lightly wounded.
You hit the kobold brigand.
The kobold brigand is poisoned.
The gnoll sergeant barely misses you. The gnoll barely misses you.
The kobold brigand closely misses you.
The catoblepas gores you but does no damage.
The catoblepas is burned by your cloak of flames.
The catoblepas is moderately wounded.
You slice the catoblepas!!
The catoblepas is heavily wounded.
You barely miss the kobold brigand.
The gnoll sergeant hits you but does no damage.
The gnoll hits you but does no damage.
The kobold brigand hits you with a +0 dagger.
The kobold brigand is burned by your cloak of flames.
The kobold brigand is moderately wounded.
The catoblepas barely misses you.
You hit the catoblepas but do no damage.
The catoblepas looks as sick as possible!
The catoblepas is heavily wounded.
You barely miss the kobold brigand.
The gnoll sergeant hits you from afar with a +2 spear of pain!
The gnoll hits you but does no damage.
The kobold brigand hits you but does no damage.
The kobold brigand is burned by your cloak of flames.
The kobold brigand is heavily wounded.
The catoblepas breathes a plume of calcifying dust at you.
The blast of calcifying dust hits you but does no damage.
You hit the catoblepas.
The catoblepas looks as sick as possible!
The catoblepas is heavily wounded.
You slash the kobold brigand!
The kobold brigand looks as sick as possible!
The gnoll sergeant hits you but does no damage.
The gnoll closely misses you.
The kobold brigand hits you but does no damage.
The kobold brigand is burned by your cloak of flames.
You kill the kobold brigand!
The catoblepas gores you!
You die...

# ...#.g ### .###
l#...#g ##.. .....
#...#.. #..
####...... ...#...
#.# #><...!#
.......##.###.##...#
.#...#g#..#...# ..#
#...#.gY@¤¤.### .#
#[.g).#### ..
#...#...## ##
.#...#..# .......##
...#... #...#.. .
..[#. ...#..


You could see a catoblepas (extremely poisoned), a gnoll sergeant and 2 gnolls.

Vanquished Creatures
  Erica (D:8)
  A two-headed ogre (D:8)
  A deep elf pyromancer (D:9)
  A hornet (D:8)
  Prince Ribbit (D:8)
  A vampire (D:9)
  4 wyverns
  A wraith (D:9)
  5 yaks (D:8)
  A vampire mosquito (D:9)
  A water moccasin (D:9)
  An orc warrior (D:6)
  2 ice beasts
  2 sky beasts
  2 black bears
  An ogre (D:6)
  4 centaurs
  2 phantoms
  A kobold brigand (D:9)
  Blork the orc (D:4)
  5 bullfrogs
  A gnoll sergeant (D:8)
  2 scorpions
  11 wights
  8 killer bees
  3 howler monkeys (D:8)
  4 electric eels (D:8)
  5 hounds
  An orc priest (D:8)
  3 iguanas
  A sleepcap (D:8)
  7 orc wizards
  Natasha (twice) (D:3)
  Robin (D:3)
  6 gnolls
  7 adders
  A shadow imp (D:4)
  3 white imps
  An ufetubus (D:6)
  4 worms
  5 dart slugs
  26 orcs
  5 ball pythons
  11 bats
  8 endoplasms
  3 giant cockroaches (D:3)
  17 goblins
  8 hobgoblins
  7 jackals (D:2)
  A quokka (D:2)
  2 frilled lizards (D:1)
  2 kobolds (D:3)
  2 rats
207 creatures vanquished.

Vanquished Creatures (others)
  A wight (D:7)
1 creature vanquished.

Grand Total: 208 creatures vanquished

Notes
Turn   | Place    | Note
-------+----------+-------------------------------------------
     0 | D:1      | qw the Gargoyle Cinder Acolyte began the quest for the Orb.
     0 | D:1      | Reached XP level 1. HP: 14/14 MP: 2/2
     0 | D:1      | 0 ||| qw: Version: 0.2-a-95-g4c1bab1
     0 | D:1      | 0 ||| qw: Game counter: 135
     0 | D:1      | 0 ||| qw: Always use a shield: true
     0 | D:1      | 0 ||| qw: God list: Okawaru
     0 | D:1      | 0 ||| qw: Allow faded altars: false
     0 | D:1      | 0 ||| qw: Do Orc after D:15 true
     0 | D:1      | 0 ||| qw: Do second Lair branch before Depths: true
     0 | D:1      | 0 ||| qw: Lair rune preference: random
     0 | D:1      | 0 ||| qw: Plans: Normal
     0 | D:1      | 0 ||| PLANNING D:1-11
    35 | D:1      | Reached skill level 3 in Axes
   113 | D:1      | Reached XP level 2. HP: 18/19 MP: 3/3
   195 | D:1      | 195 ||| Stepping ~*~*~tactically~*~*~ (hiding).
   436 | D:1      | 436 ||| UPGRADING to +4 ring mail.
   446 | D:1      | 446 ||| DROPPING +0 robe.
   447 | D:1      | 447 ||| READING scroll labelled GOENUS FAME.
   448 | D:1      | 448 ||| READING scroll labelled JUIWECV VEFE.
   473 | D:2      | Reached XP level 3. HP: 23/23 MP: 4/4
   513 | D:2      | Found a faded altar of an unknown god.
   584 | D:2      | Reached skill level 4 in Axes
   702 | D:2      | Reached skill level 1 in Armour
   809 | D:2      | Reached XP level 4. HP: 26/28 MP: 5/5
   938 | D:2      | 938 ||| READING 2 scrolls labelled EPHE MI TEN.
   939 | D:2      | 939 ||| READING 2 scrolls labelled GEONISU LINORO.
   940 | D:2      | 940 ||| READING scroll labelled EKUSTR FISOESCH.
   941 | D:2      | 941 ||| READING scroll labelled JUJORAG JOSEC.
   942 | D:2      | 942 ||| READING scroll labelled FIJAUF UGUA.
  1043 | D:2      | 1043 ||| DRINKING 2 golden potions.
  1044 | D:2      | 1044 ||| DRINKING 2 dark potions.
  1045 | D:2      | 1045 ||| DROPPING scroll of vulnerability.
  1046 | D:2      | 1046 ||| DROPPING potion of flight.
  1047 | D:2      | 1047 ||| DROPPING potion of attraction.
  1068 | D:3      | 1068 ||| STAIRDANCE
  1263 | D:3      | Noticed Natasha
  1279 | D:3      | 1279 ||| INVOKING Fiery Armour.
  1279 | D:3      | Killed Natasha
  1438 | D:3      | Reached XP level 5. HP: 32/32 MP: 6/6
  1568 | D:3      | Noticed Natasha
  1576 | D:3      | Killed Natasha
  1577 | D:3      | Reached skill level 5 in Axes
  1606 | D:3      | Found the +5 woodcutter's axe
  1962 | D:3      | Found a runed translucent gate.
  1963 | D:3      | Found a runed translucent gate.
  1964 | D:3      | Found a runed translucent gate.
  1964 | D:3      | Noticed qw's ghost (amateur GrCA)
  2013 | D:3      | 2013 ||| Stepping ~*~*~tactically~*~*~ (stealth).
  2015 | D:3      | 2015 ||| Stepping ~*~*~tactically~*~*~ (hiding).
  2016 | D:3      | 2016 ||| Stepping ~*~*~tactically~*~*~ (hiding).
  2021 | D:3      | 2021 ||| INVOKING Fiery Armour.
  2022 | D:3      | Noticed Robin
  2034 | D:3      | Killed Robin
  2148 | D:3      | 2148 ||| UPGRADING to +0 helmet.
  2153 | D:3      | 2153 ||| READING scroll of enchant armour.
  2153 | D:3      | 2153 ||| ENCHANTING +0 helmet.
  2154 | D:3      | 2154 ||| READING scroll labelled ZOGILE ZI QIAD.
  2185 | D:3      | 2185 ||| READING scroll labelled VUID SEULI.
  2186 | D:3      | 2186 ||| READING scroll labelled EGRIDUFO ECUI.
  2186 | D:3      | Identified a scroll of acquirement
  2186 | D:3      | 2186 ||| ACQUIRING +1 heavy war axe
  2186 | D:3      | Acquired a +1 heavy war axe
  2188 | D:3      | 2188 ||| SWAPPING to +1 heavy war axe.
  2189 | D:3      | 2189 ||| DRINKING 3 bubbling coppery potions.
  2189 | D:3      | Gained mutation: You are robust. (+10% HP) [potion of
                  | mutation]
  2189 | D:3      | Gained mutation: Your movements are slightly less
                  | encumbered by armour. (ER -2) [potion of mutation]
  2198 | D:3      | 2198 ||| READING 3 scrolls of identify.
  2198 | D:3      | 2198 ||| IDENTIFYING glowing green potion
  2199 | D:3      | 2199 ||| READING 2 scrolls of identify.
  2199 | D:3      | 2199 ||| IDENTIFYING lumpy emerald potion
  2200 | D:3      | 2200 ||| DROPPING potion of lignification.
  2226 | D:4      | Reached XP level 6. HP: 42/42 MP: 7/7
  2293 | D:4      | Noticed Blork the orc
  2303 | D:4      | 2303 ||| INVOKING Fiery Armour.
  2304 | D:4      | Killed Blork the orc
  2395 | D:4      | 2395 ||| SWAPPING to +0 broad axe.
  2396 | D:4      | 2396 ||| DROPPING +1 heavy war axe.
  2481 | D:4      | Reached skill level 6 in Axes
  2528 | D:4      | 2528 ||| Stepping ~*~*~tactically~*~*~ (hiding).
  2529 | D:4      | 2529 ||| Stepping ~*~*~tactically~*~*~ (hiding).
  2630 | D:4      | 2630 ||| Stepping ~*~*~tactically~*~*~ (stealth).
  2641 | D:4      | Reached XP level 7. HP: 45/48 MP: 8/8
  2648 | D:4      | Reached skill level 7 in Axes
  2966 | D:4      | 2966 ||| READING scroll labelled VAEQAK AMMAMP.
  2967 | D:4      | 2967 ||| READING scroll labelled ADEMECVOTHYETS.
  2968 | D:4      | 2968 ||| READING scroll labelled AMEIDI BOJINTIETO.
  2969 | D:4      | 2969 ||| DRINKING 2 blue potions.
  2970 | D:4      | 2970 ||| READING 2 scrolls of identify.
  2970 | D:4      | 2970 ||| IDENTIFYING green potion
  2971 | D:4      | 2971 ||| DROPPING potion of degeneration.
  2996 | D:5      | Entered Level 5 of the Dungeon
  3025 | D:5      | 3025 ||| Stepping ~*~*~tactically~*~*~ (hiding).
  3064 | D:5      | 3064 ||| Stepping ~*~*~tactically~*~*~ (hiding).
  3065 | D:5      | 3065 ||| Stepping ~*~*~tactically~*~*~ (hiding).
  3079 | D:5      | 3079 ||| DRINKING potion of curing.
  3079 | D:5      | 3079 ||| (to cure confusion)
  3091 | D:5      | 3091 ||| DROPPING -1 hand axe of flaming.
  3207 | D:5      | Identified the +4 short sword of Reason {freeze, rF- rC+
                  | Dex+4}
  3315 | D:5      | Reached XP level 8. HP: 52/55 MP: 9/9
  3316 | D:5      | 3316 ||| Stepping ~*~*~tactically~*~*~ (stealth).
  3726 | D:5      | Reached skill level 8 in Axes
  3893 | D:5      | 3893 ||| READING 2 scrolls labelled YCZYHO SEUWAPE.
  3894 | D:5      | 3894 ||| READING 2 scrolls of identify.
  3894 | D:5      | 3894 ||| IDENTIFYING fizzy purple potion
  3895 | D:5      | 3895 ||| DROPPING scroll of fog.
  3896 | D:5      | 3896 ||| DROPPING potion of brilliance.
  3938 | D:6      | 3938 ||| Stepping ~*~*~tactically~*~*~ (hiding).
  3939 | D:6      | 3939 ||| Stepping ~*~*~tactically~*~*~ (hiding).
  3944 | D:6      | 3944 ||| INVOKING Fiery Armour.
  3947 | D:6      | Reached skill level 6 in Fighting
  4180 | D:6      | 4180 ||| Stepping ~*~*~tactically~*~*~ (stealth).
  4320 | D:6      | 4320 ||| Stepping ~*~*~tactically~*~*~ (hiding).
  4331 | D:6      | Reached skill level 1 in Dodging
  4333 | D:6      | 4333 ||| Stepping ~*~*~tactically~*~*~ (stealth).
  4399 | D:6      | Identified the +0 mace of Sumeall {flame, Fragile Fly rF+++
                  | Str-4}
  4546 | D:6      | 4546 ||| Stepping ~*~*~tactically~*~*~ (stealth).
  4559 | D:6      | Reached skill level 9 in Axes
  4563 | D:6      | 4563 ||| Stepping ~*~*~tactically~*~*~ (stealth).
  4701 | D:6      | Found a staircase to the Ecumenical Temple.
  4712 | D:6      | Reached XP level 9. HP: 47/61 MP: 10/10
  5227 | D:6      | 5227 ||| UPGRADING to +0 chain mail.
  5237 | D:6      | 5237 ||| DROPPING +4 ring mail.
  5238 | D:6      | 5238 ||| DROPPING orb of energy.
  5297 | D:7      | 5297 ||| STAIRDANCE
  5340 | D:7      | 5340 ||| STAIRDANCE
  5343 | D:6      | Reached skill level 3 in Armour
  5406 | D:7      | Found an opulent altar of Gozag.
  5424 | D:7      | Identified the +2 mace of Anxiety {antimagic, Int+3 Dex+2}
  5435 | D:7      | 5435 ||| INVOKING Fiery Armour.
  5658 | D:7      | 5658 ||| Stepping ~*~*~tactically~*~*~ (hiding).
  5705 | D:7      | Reached skill level 10 in Axes
  5844 | D:7      | 5844 ||| INVOKING Fiery Armour.
  5846 | D:7      | HP: 15/62 [wight/+2 morningstar of freezing (4)]
  5847 | D:7      | 5847 ||| READING 3 scrolls of teleportation.
  5848 | D:7      | 5848 ||| Stepping ~*~*~tactically~*~*~ (stealth).
  5850 | D:7      | HP: 6/62 [wight/iceblast (7)]
  5851 | D:7      | 5851 ||| Stepping ~*~*~tactically~*~*~ (hiding).
  6004 | D:7      | 6004 ||| INVOKING Fiery Armour.
  6250 | D:7      | Found a glowing golden altar of the Shining One.
  6713 | D:7      | 6713 ||| UPGRADING to +0 cloak.
  6718 | D:7      | 6718 ||| DROPPING orb of energy.
  6719 | D:7      | 6719 ||| UPGRADING to +0 pair of boots.
  6724 | D:7      | 6724 ||| UPGRADING to +4 ring of slaying {mikee}.
  6725 | D:7      | 6725 ||| READING scroll labelled HELENE KUNAAGH.
  6726 | D:7      | 6726 ||| READING 3 scrolls of identify.
  6726 | D:7      | 6726 ||| IDENTIFYING emerald potion
  6783 | D:8      | Found Jit Coig's Antique Weapon Shoppe.
  6813 | D:8      | Noticed Prince Ribbit
  6817 | D:8      | Reached XP level 10. HP: 61/70 MP: 11/11
  6826 | D:8      | 6826 ||| INVOKING Fiery Armour.
  6827 | D:8      | Killed Prince Ribbit
  6828 | D:8      | Reached skill level 6 in Armour
  6850 | D:8      | HP: 14/70 [electric eel/bolt of electricity (5)]
  6851 | D:8      | 6851 ||| READING 2 scrolls of teleportation.
  6855 | D:8      | Noticed Erica
  6856 | D:8      | 6856 ||| READING scroll of teleportation.
  7076 | D:8      | Found an iron altar of Okawaru.
  7148 | D:8      | 7148 ||| Stepping ~*~*~tactically~*~*~ (stealth).
  7170 | D:8      | Found a flagged portal.
  7170 | D:8      | Noticed a two-headed ogre
  7171 | D:8      | 7171 ||| Stepping ~*~*~tactically~*~*~ (stealth).
  7201 | D:8      | Reached skill level 11 in Axes
  7207 | D:8      | 7207 ||| INVOKING Fiery Armour.
  7219 | D:8      | Reached skill level 9 in Fighting
  7350 | D:8      | 7350 ||| Stepping ~*~*~tactically~*~*~ (stealth).
  7351 | D:8      | 7351 ||| Stepping ~*~*~tactically~*~*~ (stealth).
  7356 | D:8      | 7356 ||| INVOKING Fiery Armour.
  7383 | D:8      | Killed Erica
  7567 | D:8      | 7567 ||| Stepping ~*~*~tactically~*~*~ (stealth).
  7726 | D:8      | 7726 ||| INVOKING Fiery Armour.
  7730 | D:8      | Killed a two-headed ogre
  8271 | D:9      | 8271 ||| Stepping ~*~*~tactically~*~*~ (stealth).
  8278 | D:9      | Noticed a deep elf pyromancer
  8279 | D:9      | 8279 ||| INVOKING Fiery Armour.
  8284 | D:9      | Noticed a catoblepas
  8285 | D:9      | Reached XP level 11. HP: 31/78 MP: 12/12
  8288 | D:9      | Killed a deep elf pyromancer
  8289 | D:9      | Reached skill level 12 in Axes
  8298 | D:9      | HP: 11/78 [gnoll sergeant/+2 spear of pain (10)]
  8299 | D:9      | Slain by a catoblepas

Levels and vault maps discovered:
D:1:      spicycebolla_arrival_xxxplode, layout_rooms
D:2:      layout_rooms, hellmonk_ecumenical_altar_dog_temple, st_stairs_8
D:3:      layout_basic, ebering_ghost_rock_garden, nrook_mini_backslash,
          st_stairs_11, roderic_batcave, uniq_robin, uniq_natasha
D:4:      layout_cave_pools, uniq_blork_the_orc
D:5:      layout_basic
D:6:      layout_basic, minmay_temple_entry_antechambers
D:7:      layout_basic, mainiacjoe_overflow_alcove_1, lemuel_tele_altar,
          kennysheep_generic_room_3
D:8:      layout_loops_ring, okawaru_trees_2, serial_shops,
          nicolae_shop_overgrown_old_shop, enter_bailey_5, chequers_big_river,
          minivault_14, minmay_strange_pillars, uniq_erica, uniq_prince_ribbit1
D:9:      cheibrodos_fzero, layout_rooms

Skill      XL: |  1  2  3  4  5  6  7  8  9 10 11 |
---------------+----------------------------------+-----
Axes           | 3 4 5 6 7 9 10 11 12 | 12.2
Armour         | 1 2 5 7 |  7.9
Fighting       | 4 5 6 8 9 |  9.3
Dodging        | 1 |  1.0
Spellcasting   | |  1.0
Fire Magic     | |  3.0

Action                     |  1- 3 |  4- 6 |  7- 9 | 10-12 || total
---------------------------+-------+-------+-------+-------++-------
  Melee: Hand axe          |   115 |   109 |       |       ||   224
         War axe           |       |    20 |       |       ||    20
         Broad axe         |       |    39 |   271 |   133 ||   443
         Punch             |       |       |     2 |     2 ||     4
 Invoke: Fiery Armour      |       |     3 |     4 |     5 ||    12
    Use: Scroll            |     2 |    11 |     9 |     2 ||    24
         Potion            |       |     3 |     2 |       ||     5
   Stab: Petrified         |       |       |       |     1 ||     1
 Armour: Robe              |     7 |       |       |       ||     7
         Ring mail         |    53 |   112 |   113 |       ||   278
         Chain mail        |       |       |    67 |   107 ||   174
  Dodge: Dodged            |    57 |   119 |   150 |    75 ||   401

Table legend:
 A = Non-vault XP
 B = Vault XP
 C = Vault XP percentage of total XP
 D = Non-vault monster count
 E = Vault monster count
 F = Vault count percentage of total count
                 A         B        C        D         E       F
            +---------+---------+-------+---------+---------+-------
      Total |    7549 |    3299 |  30.4 |     163 |      45 |  21.6
            +---------+---------+-------+---------+---------+-------
        D:1 |      29 |       0 |   0.0 |      14 |       0 |   0.0
        D:2 |      48 |      23 |  32.4 |      16 |       5 |  23.8
        D:3 |      69 |      87 |  55.8 |      11 |      23 |  67.6
        D:4 |     576 |      87 |  13.1 |      19 |       1 |   5.0
        D:5 |     631 |       0 |   0.0 |      17 |       0 |   0.0
        D:6 |    1130 |       0 |   0.0 |      32 |       0 |   0.0
        D:7 |    1781 |     123 |   6.5 |      21 |       2 |   8.7
        D:8 |    3285 |    1133 |  25.6 |      33 |       5 |  13.2
        D:9 |       0 |    1846 | 100.0 |       0 |       9 | 100.0
            +---------+---------+-------+---------+---------+-------
